 Dungeon Crawl Stone Soup version 0.31-a0-1074-g0b22e4e0f1 (webtiles) character file.

Game seed: 6725340195860301383

19 croobank the Ruffian (level 2, 0/31 HPs)
             Began as a Draconian Shapeshifter on Dec 3, 2023.
             Slain by an adder (1 damage)
             ... on level 2 of the Dungeon.
             The game lasted 00:01:42 (952 turns).

croobank the Ruffian (Draconian Shapeshifter)        Turns: 952, Time: 00:01:43

Health: 0/31       AC: 21    Str: 15    XL:     2   Next: 55%
Magic:  2/2        EV:  2    Int: 14    God:
Gold:   21         SH:  0    Dex:  9    Spells: 1/1 levels left

rFire   . .          .
                       - Unarmed
rCold   . . .        (no shield)
rNeg    . . .        (body armour unavailable)
rPois   +            (helmet currently unavailable)
rElec   .            (cloak currently unavailable)
rCorr   +            (gloves currently unavailable)
SInv    .            (boots currently unavailable)
Will    .....        (no amulet)
Stlth   +            j - ring of resist corrosion
HPRegen 0.25/turn    (no ring)
MPRegen 0.08/turn

%: no passive effects
@: lethally poisoned (0 -> -9), tree-form, hasted, very quick
A: stationary, stasis, torment immunity, boosted hp, AC +4, unfitting armour,
(cold-blooded), clever 1, frail 1
a: no special abilities


You were on level 2 of the Dungeon.
You were a tree.
You visited 1 branch of the dungeon, and saw 2 of its levels.

You collected 21 gold pieces.

Inventory:

Hand Weapons
 i - a +0 dagger
Missiles
 h - 2 curare-tipped darts
Jewellery
 j - a ring of resist corrosion (left branch)
Talismans
 b - a beast talisman
 c - a flux talisman
Scrolls
 e - a scroll of enchant weapon {unknown}
 g - 2 scrolls of teleportation {unknown}
Potions
 d - a potion of haste
 f - a potion of mutation


   Skills:
 + Level 1.7 Fighting
 + Level 2.1 Dodging
 + Level 3.2 Unarmed Combat
 + Level 3.2 Shapeshifting


You had one spell level left.
You didn't know any spells.
Your spell library was empty.

Dungeon Overview and Level Annotations

Branches:
Dungeon (2/15)

Altars:

Shops:
D:1 ?


Innate Abilities, Weirdness & Mutations

You are a tree.
Your roots penetrate the ground, keeping you stationary.
You cannot be teleported.
You are immune to unholy pain and torment.
Your maximum health is greatly increased.
Your equipment is partially melded.
((Your plain brown scales are hard. (AC +4)))
You cannot fit into any form of body armour.
((You are cold-blooded and may be slowed by cold attacks.))
Your mind is acute. (Int +4, Str/Dex -1)
You are frail. (-10% HP)


Message History

You are poisoned.
You hit the kobold.
The kobold is moderately wounded.
You feel sick. The adder closely misses you.
You hit the kobold but do no damage.
You tail-slap the kobold, but do no damage.
The kobold is moderately wounded.
You feel sick. The kobold closely misses you. The adder closely misses you.
You feel sick. The kobold closely misses you.
You feel sick. The adder closely misses you. The kobold completely misses you.
You feel sick.
You are no longer poisoned.
The adder attacks as it pursues you! The adder bites you.
The kobold attacks as it pursues you! The kobold barely misses you.
The adder attacks as it pursues you! The adder bites you.
You are poisoned.
The adder poisons you!
An adder comes into view.
You feel sick.
The adder hisses angrily.
The adder bites you.
You are lethally poisoned!
The adder poisons you!
You miss the adder.
You feel sick. The adder closely misses you.
It was a potion of haste.
You feel yourself speed up.
* * * LOW HITPOINT WARNING * * *
You feel sick. The adder barely misses you.
It was a potion of mutation.
You feel extremely strange.
You feel frail.
You feel clever.
* * * LOW HITPOINT WARNING * * *
You feel sick. The adder bites you.
* * * LOW HITPOINT WARNING * * *
You are more poisoned.
The adder poisons you!
Okay, then.
Your transformation has ended.
You turn into a tree.
Your roots penetrate the ground.
* * * LOW HITPOINT WARNING * * *
You feel sick. The adder bites you.
You die...

# ####### ...#...<.##
..........#######..#
...........KS♣S....#
............####.....
...........## ..#
.$.........# .
.............
..........###.
........... .
##..........


You could see 2 adders and a kobold.

Vanquished Creatures
  A bat (D:1)
  4 endoplasms (D:1)
  A giant cockroach (D:1)
  2 goblins (D:1)
  3 hobgoblins (D:1)
  A kobold (D:1)
  A quokka (D:1)
  A ball python (D:1)
  A frilled lizard (D:1)
15 creatures vanquished.

Notes
Turn   | Place    | Note
-------+----------+-------------------------------------------
     0 | D:1      | croobank the Draconian Shapeshifter began the quest for the
                  | Orb.
     0 | D:1      | Reached XP level 1. HP: 16/16 MP: 1/1
   114 | D:1      | Found Fiojupn's Magic Scroll Shop.
   169 | D:1      | Reached XP level 2. HP: 17/23 MP: 2/2
   951 | D:2      | Gained mutation: You are frail. (-10% HP) [potion of
                  | mutation]
   951 | D:2      | Gained mutation: Your mind is acute. (Int +4, Str/Dex -1)
                  | [potion of mutation]
   952 | D:2      | HP: 1/31 [poisoned by an adder]
   952 | D:2      | Slain by an adder

Illustrated notes

Levels and vault maps discovered:
D:1:      minmay_arrival_doors, layout_basic, serial_shops, shop_statue
D:2:      layout_rooms

Skill      XL: |  1 |
---------------+----+-----
Dodging        | 2 |  2.1
Fighting       | |  1.7
Unarmed Combat | |  3.2
Shapeshifting  | |  3.2

Action                     || total
---------------------------++-------
  Melee: Unarmed           ||    37
         Tailslap          ||     3
         Punch             ||     1
    Use: Potion            ||     3
 Armour: Skin              ||    20
  Dodge: Dodged            ||    22

Table legend: (Time is in decaauts)
 A = Elapsed time spent in this place.
 B = Non-inter-level travel time spent in this place.
 C = Inter-level travel time spent in this place.
 D = Time resting spent in this place.
 E = Time spent auto-exploring this place.
 F = Levels seen in this place.
 G = Mean time per level.
                   A        B        C        D        E       F      G
               +--------+--------+--------+--------+--------+-----+--------+
         Total |    951 |    904 |     47 |      4 |    786 |   2 |  475.5 |
       Dungeon |    951 |    904 |     47 |      4 |    786 |   2 |  475.5 |
               +--------+--------+--------+--------+--------+-----+--------+

Top non-repeatable levels by time:
     D:1: 936 daAuts
     D:2: 14 daAuts
